 Dungeon Crawl Stone Soup version 0.29-a0-830-gcb1280458a (webtiles) character file.

Game seed: 3358043003599268661

2239 sobakacece the Slicer (level 9, -3/39 HPs)
             Began as a Spriggan Enchanter on July 11, 2022.
             Was a Believer of Wu Jian.
             Succumbed to a killer bee's poison
             ... on level 7 of the Dungeon.
             The game lasted 00:25:29 (7491 turns).

sobakacece the Slicer (Spriggan Enchanter)          Turns: 7491, Time: 00:25:30

Health: -3/39      AC:  5    Str:  4    XL:     9   Next: 14%
Magic:  17/17      EV: 18    Int: 16    God:    Wu Jian [**....]
Gold:   514        SH:  0    Dex: 20    Spells: 8/18 levels left

rFire   + . .      SeeInvis +   o - +2 dagger (speed)
rCold   . . .      Faith    .   (no shield)
rNeg    . . .      Spirit   .   H - +0 steam dragon scales
rPois   .          Reflect  .   (helmet restricted)
rElec   .          Harm     .   (no cloak)
rCorr   .          Rampage  .   (gloves unavailable)
Will    +....                   (boots unavailable)
Stlth   +++.......              y - amulet of magic regeneration
HPRegen 0.13/turn               C - ring of protection from fire
MPRegen 0.55/turn               E - ring of flight

@: lethally poisoned (-3 -> -18), flying, very quick
A: very small, no large weapons, unfitting armour, see invisible, speed 3
a: Renounce Religion, Wall Jump


You were on level 7 of the Dungeon.
You worshipped Wu Jian.
Wu Jian was pleased with you.
You visited 1 branch of the dungeon, and saw 8 of its levels.

You collected 514 gold pieces.

Inventory:

Hand Weapons
 a - a +1 dagger
 o - a +2 dagger of speed (weapon)
Missiles
 h - 33 stones
 r - 2 atropa-tipped darts
 A - 2 datura-tipped darts
 B - 14 poisoned darts (quivered)
Armour
 b - a +0 robe
 H - +0 steam dragon scales (worn)
 I - a +0 cloak
Jewellery
 k - a ring of wizardry
 y - an amulet of magic regeneration (around neck)
 C - a ring of protection from fire (left hand)
 E - a ring of flight (right hand)
Scrolls
 e - 4 scrolls of magic mapping
 f - 4 scrolls of fear
 g - 4 scrolls of teleportation
 j - a scroll of enchant weapon {unknown}
 n - a scroll of poison {unknown}
 p - a scroll of fog {unknown}
 q - a scroll of acquirement {unknown}
 v - a scroll of summoning {unknown}
 w - 2 scrolls of immolation {unknown}
 z - a scroll of amnesia {unknown}
 F - a scroll of noise {unknown}
Potions
 c - 2 potions of invisibility
 d - a potion of resistance {unknown}
 i - 3 potions of cancellation
 l - 2 potions of berserk rage
 m - 3 potions of lignification
 s - a potion of brilliance {unknown}
 t - 3 potions of heal wounds
 u - 2 potions of curing {unknown}
 x - 3 potions of flight
 D - 2 potions of degeneration {unknown}
 G - a potion of might {unknown}


   Skills:
 * Level 0.3 Fighting
 + Level 11.9 Short Blades
 * Level 2.9 Dodging
 + Level 4.6 Stealth
 - Level 5.0 Spellcasting
 - Level 3.6 Hexes
 - Level 5.0 Translocations


You had 8 spell levels left.
You knew the following spells:

 Your Spells              Type           Power      Damage    Failure   Level
a - Ensorcelled Hibernat  Hex/Ice        18%        N/A       11%         2
b - Confusing Touch       Hex            15%        N/A       11%         3
c - Tukima's Dance        Hex            15%        N/A       11%         3
d - Blink                 Tloc           40%        N/A       3%          2

Your spell library contained the following spells:

 Spells                   Type           Power      Damage    Failure   Level
 Gell's Gravitas          Tloc           20%        N/A       6%          3
 Lesser Beckoning         Tloc           20%        N/A       6%          3
 Teleport Other           Tloc           20%        N/A       6%          3
 Dazzling Flash           Conj/Hex       18%        N/A       22%         3
 Manifold Assault         Tloc           20%        N/A       47%         5
 Dispersal                Tloc           10%        N/A       96%         6
 Chain Lightning          Conj/Air       2%         3d2       100%        9
 Fire Storm               Conj/Fire      2%         8d1       100%        9
 Shatter                  Erth           2%         3d6*      100%        9


Dungeon Overview and Level Annotations

Branches:
Dungeon (8/15)             Temple (0/1) D:6            Lair (0/6) D:8

Altars:
Wu Jian

Annotations:
D:5 Menkaure, Pikel


Innate Abilities, Weirdness & Mutations

You are very small and have problems with some larger weapons.
You are too small for most types of armour.
You have supernaturally acute eyesight. (SInv)
You cover ground extremely quickly. (Speed+++)


Message History

You hit the orc wizard.
The orc wizard is almost dead.
An orc comes into view. It is wielding a +0 club.
The orc wizard barely misses you.
You spin and attack the orc wizard repeatedly.
The orc wizard shouts!
The orc shouts!
You hit the orc wizard.
You kill the orc wizard!
The Council accepts your kill.
You hear a shout!
The killer bee stings you!
You are poisoned.
The killer bee poisons you!
Casting: Ensorcelled Hibernation (safe; 11% risk of failure)
Confirm with . or Enter, or press ? or * to list all spells.
Aiming: Ensorcelled Hibernation (safe; 11% risk of failure)
Press: ? - help, Shift-Dir - straight line, f - killer bee
Aim: a killer bee (chance to affect: 51%)
The killer bee resists with some effort.
You feel very sick. The killer bee closely misses you.
The killer bee stings you.
You are more poisoned.
The killer bee poisons you!
You spin and attack the killer bee.
You closely miss the killer bee.
You feel sick. The killer bee stings you!
* * * LOW HITPOINT WARNING * * *
Unknown command.
You spin and attack the killer bee.
You hit the killer bee.
The killer bee is moderately wounded.
* * * LOW HITPOINT WARNING * * *
You feel sick. The killer bee barely misses you.
There is a stone staircase leading up, spattered with blood here.
* * * LOW HITPOINT WARNING * * *
You feel very sick. The killer bee completely misses you.
The killer bee stings you.
* * * LOW HITPOINT WARNING * * *
You are more poisoned.
The killer bee poisons you!
You fly upwards.
You die...

.#....##.####.........##
.......#####.....##....#
........#............###
#..................#..#
###.....#......#......# #
#....#..............#
###.#####............##
......####......[[...# ###
............#...@y..## #.##
.........####........####..#
......#..# #....<....#....#
.....###.# #)##...(......##
......##.####..##........##
..........#.........#..####
.......................##.#
##.........#...........#..##
#..#......##...............##


You could see a killer bee.

Vanquished Creatures
  A steam dragon (D:7)
  A warg (D:7)
  A water moccasin (D:8)
  An ice beast (D:6)
  An orc warrior (D:7)
  A black bear (D:5)
  5 ogres
  A phantom (D:6)
  2 scorpions
  3 wights (D:8)
  2 killer bees (D:7)
  5 hounds
  2 jellies
  3 orc priests
  A gnoll bouda (D:7)
  4 iguanas
  3 orc wizards
  5 gnolls
  9 adders
  A shadow imp (D:7)
  2 white imps (D:7)
  An ufetubus (D:6)
  A worm (D:2)
  4 dart slugs
  11 orcs
  7 ball pythons
  7 endoplasms
  2 giant cockroaches
  6 goblins
  7 hobgoblins
  7 jackals
  3 kobolds
  6 quokkas
  2 bats
  2 frilled lizards
  5 rats
125 creatures vanquished.

Vanquished Creatures (collateral kills)
  An orc (D:4)
  A hobgoblin (D:3)
2 creatures vanquished.

Grand Total: 127 creatures vanquished

Notes
Turn   | Place    | Note
-------+----------+-------------------------------------------
     0 | D:1      | sobakacece the Spriggan Enchanter began the quest for the
                  | Orb.
     0 | D:1      | Reached XP level 1. HP: 9/9 MP: 5/5
   285 | D:1      | Found a faded altar of an unknown god.
   327 | D:1      | Reached XP level 2. HP: 13/13 MP: 7/7
   653 | D:1      | Learned a level 2 spell: Ensorcelled Hibernation
  1199 | D:1      | Reached XP level 3. HP: 16/16 MP: 3/9
  1319 | D:1      | Reached skill level 2 in Short Blades
  1327 | D:1      | Learned a level 3 spell: Confusing Touch
  1986 | D:2      | Reached XP level 4. HP: 21/21 MP: 8/11
  2388 | D:3      | Noticed an ogre
  2402 | D:3      | Reached skill level 5 in Spellcasting
  2409 | D:3      | Learned a level 3 spell: Tukima's Dance
  2470 | D:3      | Reached skill level 3 in Short Blades
  2809 | D:3      | Killed an ogre
  2810 | D:3      | Reached skill level 4 in Short Blades
  2810 | D:3      | Reached XP level 5. HP: 24/24 MP: 4/13
  3172 | D:4      | Learned a level 2 spell: Blink
  3285 | D:4      | Found an ornate altar of the Wu Jian Council.
  3288 | D:4      | Noticed an ogre
  3330 | D:4      | Killed an ogre
  3331 | D:4      | Reached skill level 5 in Short Blades
  3331 | D:4      | Reached XP level 6. HP: 23/28 MP: 0/14
  3450 | D:4      | Became a worshipper of the Wu Jian Council
  4062 | D:5      | Entered Level 5 of the Dungeon
  4065 | D:5      | Noticed Menkaure
  4156 | D:5      | Reached skill level 6 in Short Blades
  4173 | D:5      | Reached XP level 7. HP: 32/32 MP: 15/15
  4175 | D:5      | Noticed Pikel
  4437 | D:5      | Reached skill level 7 in Short Blades
  4571 | D:5      | Reached skill level 5 in Translocations
  5043 | D:6      | Reached skill level 8 in Short Blades
  5271 | D:6      | Reached XP level 8. HP: 36/36 MP: 14/16
  5369 | D:6      | Reached * piety under Wu Jian
  5370 | D:6      | Reached skill level 9 in Short Blades
  5396 | D:6      | Found a staircase to the Ecumenical Temple.
  6110 | D:7      | Reached skill level 10 in Short Blades
  6461 | D:8      | Found a staircase to the Lair.
  6505 | D:8      | Noticed a hornet
  6694 | D:8      | Reached skill level 11 in Short Blades
  6960 | D:7      | Reached XP level 9. HP: 21/39 MP: 13/17
  7475 | D:8      | Reached ** piety under Wu Jian
  7491 | D:7      | Succumbed to a killer bee's poison

Illustrated notes

Levels and vault maps discovered:
D:1:      dpeg_arrival_shrine, layout_loops_ring, ebering_ecumenical_altar_webs,
          hangedman_decor_clover_reticule
D:2:      layout_rooms
D:3:      layout_loops_ring, minivault_11
D:4:      layout_loops_cross, nicolae_wu_jian_wuxing_cycle,
          minmay_misc_feat_columns
D:5:      layout_rooms, nrook_mini_vaults, uniq_menkaure, uniq_pikel
D:6:      layout_loops_cross, temple_statues
D:7:      layout_cave_pools
D:8:      layout_cave_pools, old_standard_altar, erik_lair_orcish_takeover

Skill      XL: |  1  2  3  4  5  6  7  8 |
---------------+-------------------------+-----
Spellcasting   | 3 4 5 |  5.0
Short Blades   | 2 4 5 6 8 11 | 11.9
Translocations | 2 3 5 |  5.0
Fighting       | |  0.3
Dodging        | |  2.9
Stealth        | |  4.6
Hexes          | |  3.6

Action                   |  1- 3 |  4- 6 |  7- 9 || total
-------------------------+-------+-------+-------++-------
Melee: Dagger            |    77 |    87 |   164 ||   328
       Punch             |     1 |     1 |     3 ||     5
Throw: Stone             |     1 |       |       ||     1
       Dart              |       |       |    10 ||    10
 Cast: Ensorcelled Hiber |    12 |    19 |    52 ||    83
       Tukima's Dance    |       |     2 |       ||     2
       Confusing Touch   |       |       |     8 ||     8
Invok: Lunge             |       |     8 |    25 ||    33
       Whirlwind         |       |       |    24 ||    24
  Use: Scroll            |       |     2 |     6 ||     8
 Stab: Sleeping          |    15 |    21 |    38 ||    74
       Distracted        |       |     1 |     1 ||     2
       Confused          |       |       |     7 ||     7
Armor: Robe              |    10 |     1 |     5 ||    16
       Steam dragon scal |       |       |     7 ||     7
Dodge: Dodged            |    49 |    29 |    67 ||   145

Table legend: (Time is in decaauts)
 A = Elapsed time spent in this place.
 B = Non-inter-level travel time spent in this place.
 C = Inter-level travel time spent in this place.
 D = Time resting spent in this place.
 E = Time spent auto-exploring this place.
 F = Levels seen in this place.
 G = Mean time per level.
                   A        B        C        D        E       F      G
               +--------+--------+--------+--------+--------+-----+--------+
         Total |   5728 |   5448 |    280 |    896 |   3385 |   8 |  716.0 |
       Dungeon |   5728 |   5448 |    280 |    896 |   3385 |   8 |  716.0 |
               +--------+--------+--------+--------+--------+-----+--------+

Top non-repeatable levels by time:
     D:1: 1389 daAuts
     D:7: 1165 daAuts
     D:6: 862 daAuts
     D:4: 730 daAuts
     D:3: 574 daAuts
     D:2: 491 daAuts
     D:5: 330 daAuts
     D:8: 183 daAuts
